 Dungeon Crawl Stone Soup version 0.19.5 (webtiles) character file.

327 tricornhat the Skirmisher (level 6, 0/52 HPs)
             Began as a Demonspawn Gladiator on Mar 9, 2017.
             Slain by Felix's ghost (2 damage)
             ... on level 3 of the Dungeon.
             The game lasted 00:16:45 (2314 turns).

tricornhat the Skirmisher (Demonspawn Gladiator)    Turns: 2314, Time: 00:16:46

Health: 0/52       AC: 12    Str: 17    XL:     6   Next: 24%
Magic:  5/10       EV: 14    Int:  9    God:
Gold:   156        SH:  0    Dex: 14    Spells: 0 memorised, 11 levels left

rFire  . . .     SeeInvis .     a - +0 war axe
rCold  . . .     Gourm    .     b - +0 leather armour
rNeg   . . .     Faith    .     (no shield)
rPois  +         Spirit   .     c - +0 helmet
rElec  .         Reflect  .     (no cloak)
rCorr  .         Harm     .     (no gloves)
MR     .....                    (no boots)
Stlth  +.........               (no amulet)
                                k - +2 ring of protection
                                h - ring of poison resistance

@: sanguine armour, slowed, glowing, very slow
A: talons 1, demonic guardian 1, sanguine armour 1
a: no special abilities


You were on level 3 of the Dungeon.
You were not hungry.

You visited 1 branch of the dungeon, and saw 3 of its levels.

You collected 156 gold pieces.

Inventory:

Hand Weapons
 a - a +0 war axe (weapon)
Missiles
 d - 3 throwing nets (quivered)
Armour
 b - a +0 leather armour (worn)
 c - a +0 helmet (worn)
Jewellery
 h - a ring of poison resistance (left hand)
 k - a +2 ring of protection (right hand)
 m - an uncursed ring of ice {unknown}
 t - an uncursed ring of magical power {unknown}
Scrolls
 g - a scroll of remove curse
 j - 2 scrolls of teleportation
 l - a scroll of noise {unknown}
 u - a scroll of magic mapping {unknown}
 v - a scroll of immolation {unknown}
Potions
 n - 2 potions of heal wounds {unknown}
 o - a potion of invisibility {unknown}
 p - a potion of flight {unknown}
Comestibles
 f - 3 bread rations
 q - a beef jerky
 r - a meat ration
 s - a royal jelly


   Skills:
 + Level 5.7 Fighting
   Level 3.0 Short Blades
 + Level 5.5 Axes
 + Level 3.7 Throwing
 + Level 4.7 Armour
 + Level 4.5 Dodging
 + Level 3.3 Stealth
 + Level 3.0 Unarmed Combat
 + Level 3.0 Spellcasting


You had 11 spell levels left.
You didn't know any spells.

Dungeon Overview and Level Annotations

Branches:
Dungeon (3/15)

Altars:
Sif Muna

Annotations:
D:3 Felix's ghost, amateur CeAM


Innate Abilities, Weirdness & Mutations

You have sharp toenails.
A weak demonic guardian rushes to your aid.
When seriously injured, your bleeding wounds create armour. (AC +6)


Message History

Your Unarmed Combat skill gained 3 levels and is now at level 3!
Your Spellcasting skill gained 3 levels and is now at level 3!
You have reached level 6!
Your experience leads to an increase in your attributes!
Increase (S)trength, (I)ntelligence, or (D)exterity?
You feel stronger.
Your demonic ancestry asserts itself...
You feel the presence of a demonic guardian.
Felix's ghost points at you and mumbles some strange words.
You feel as though you will be slow longer.
Felix's ghost points at you and mumbles some strange words.
You resist with some effort.
You slash Felix's ghost! Your kick misses Felix's ghost.
Felix's ghost is severely damaged.
Felix's ghost hits you but does no damage.
You barely miss Felix's ghost.
Felix's ghost is severely damaged.
Felix's ghost hits you!
* * * LOW HITPOINT WARNING * * *
Felix's ghost hits you.
You die...

#...# #.
.#####...####### #..###
................ ##..#..
................
.......#................
#..<...##.........(..##
##......#.#..........#.#
#......W.#.##......##.#.
.......@5.##.#....#.##..
#.##.#....#.#.#..#.#.#..
#.....#.##.. #.#...
#......##....##....
###......#......#....
#........#......#....
#.#......# ....##....
#.#.....#.##..##.#...
#......#.#.#..#.#.#..


You could see Felix's ghost and a friendly iron imp.

Vanquished Creatures
  An orc priest (D:3)
  An orc wizard (D:3)
  3 adders (D:3)
  2 oozes
  2 worms
  A dart slug (D:2)
  A leopard gecko (D:3)
  8 orcs (D:3)
  A giant cockroach (D:1)
  7 goblins
  5 hobgoblins
  3 jackals (D:1)
  A quokka (D:3)
  14 bats
  4 frilled lizards
  4 kobolds (D:1)
  8 rats
66 creatures vanquished.

Notes
Turn   | Place    | Note
-------+----------+-------------------------------------------
     0 | D:1      | tricornhat the Demonspawn Gladiator began the quest for the Orb.
     0 | D:1      | Reached XP level 1. HP: 16/16 MP: 1/1
   160 | D:1      | Gained mutation: You have sharp toenails. [demonic ancestry]
   160 | D:1      | Reached XP level 2. HP: 19/22 MP: 2/2
   781 | D:1      | Gained mutation: When seriously injured, your bleeding wounds create armour. (AC +6) [demonic ancestry]
   781 | D:1      | Reached XP level 3. HP: 22/27 MP: 3/3
  1301 | D:2      | Found a deep blue altar of Sif Muna.
  1574 | D:3      | Reached XP level 4. HP: 23/34 MP: 4/4
  2118 | D:3      | Reached XP level 5. HP: 39/39 MP: 5/5
  2126 | D:3      | Reached skill level 1 in Armour
  2289 | D:3      | Noticed Felix's ghost (amateur CeAM)
  2312 | D:3      | Reached skill level 5 in Fighting
  2312 | D:3      | Reached skill level 5 in Axes
  2312 | D:3      | Gained mutation: A weak demonic guardian rushes to your aid. [demonic ancestry]
  2312 | D:3      | Reached XP level 6. HP: 12/52 MP: 5/10
  2314 | D:3      | HP: 2/52 [Felix's ghost (11)]
  2314 | D:3      | Slain by Felix's ghost

Skill      XL: |  1  2  3  4  5 |
---------------+----------------+-----
Axes           | 3 4 5 |  5.5
Throwing       | 2 3 |  3.7
Dodging        | 3 4 |  4.5
Armour         | 4 |  4.7
Fighting       | 5 |  5.7
Short Blades   | 3 |  3.0
Stealth        | 3 |  3.3
Unarmed Combat | 3 |  3.0
Spellcasting   | 3 |  3.0

Action                   |  1- 3 |  4- 6 || total
-------------------------+-------+-------++-------
Melee: War axe           |   158 |    84 ||   242
       Kick              |    28 |    17 ||    45
  Use: Scroll            |       |     6 ||     6
       Potion            |       |     4 ||     4
  Eat: Chunk             |     2 |       ||     2
       Fruit             |       |     3 ||     3
Armor: Leather armour    |    69 |    25 ||    94
Dodge: Dodged            |   139 |    57 ||   196
